 Dungeon Crawl Stone Soup version 0.27.1-34-g3ba077fa99 (webtiles) character file.

Game seed: 4412374340661275961

51 Delamore the Sneak (level 3, 0/14 HPs)
             Began as a Felid Venom Mage on Jan 21, 2022.
             Slain by a goblin (6 damage)
             ... led by Robin
             ... on level 3 of the Dungeon.
             The game lasted 00:03:38 (3639 turns).

Delamore the Sneak (Felid Venom Mage)               Turns: 3639, Time: 00:03:38

Health: 0/14       AC:  1    Str:  4    XL:     3   Next: 58%
Magic:  7/7        EV: 18    Int: 16    God:
Gold:   40         SH:  0    Dex: 17    Spells: 5/6 levels left
                                        Lives:  0   Deaths: 0

rFire    . . .     SeeInvis +   (weapon unavailable)
rCold    . . .     Faith    .   (shield unavailable)
rNeg     . . .     Spirit   .   (armour unavailable)
rPois    .         Reflect  .   (helmet unavailable)
rElec    .         Harm     .   (cloak unavailable)
rCorr    .         Rampage  .   (gloves unavailable)
Will     .....                  (boots unavailable)
Stlth    +++.......             (no amulet)
HPRegen  0.04/turn              b - ring of fire
MPRegen  0.10/turn              c - ring of ice

@: quick
A: very small, claws 1, fangs 3, see invisible, speed 1, shaggy fur 1, stealthy
paws, no weapons or thrown items, no armour, multi-lived
a: no special abilities


You were on level 3 of the Dungeon.
You visited 1 branch of the dungeon, and saw 3 of its levels.

You collected 40 gold pieces.

Inventory:

Jewellery
 b - a ring of fire (left paw)
 c - a ring of ice (right paw)
Scrolls
 a - a scroll of immolation
Potions
 d - a potion of haste {unknown}
 f - a potion of berserk rage {unknown}
 g - a potion of degeneration {unknown}


   Skills:
 + Level 3.4 Dodging
 * Level 4.5 Stealth
 - Level 2.0 Spellcasting
 - Level 1.1 Transmutations
 + Level 3.1 Poison Magic


You had 5 spell levels left.
You knew the following spells:

 Your Spells              Type           Power      Damage    Failure   Level
a - Sting                 Tmut/Pois      32%        1d4       9%          1

Your spell library contained the following spells:

 Spells                   Type           Power      Damage    Failure   Level
 Poisonous Vapours        Pois/Air       12%        N/A       17%         2
 Ignite Poison            Fire/Tmut/Pois 9%         N/A       34%         3
 Mephitic Cloud           Conj/Pois/Air  4%         N/A       38%         3
 Olgreb's Toxic Radiance  Pois           11%        N/A       50%         4
 Conjure Flame            Conj/Fire      2%         6-21      52%         3
 Sticky Flame             Conj/Fire      2%         2d3       90%         4


Dungeon Overview and Level Annotations

Branches:
Dungeon (3/15)

Altars:
Qazlal

Annotations:
D:3 Robin


Innate Abilities, Weirdness & Mutations

You have sharp claws.
You have razor-sharp teeth.
You have supernaturally acute eyesight. (SInv)
You cover ground quickly. (Speed+)
You are covered in fur. (AC +1)
Your paws help you pounce on unaware monsters.
You are incapable of wielding weapons or throwing items.
You cannot wear armour.
You gain extra lives every three experience levels.


Message History

It is a scroll of enchant armour.
You aren't carrying any armour which can be enchanted further.
Things that are here:
a +0 dagger; 3 stones
There is a stone staircase leading down here.
You climb downwards.
Found a stone staircase leading down.
There is a stone staircase leading up here.
Found 13 gold pieces.
A goblin comes into view. It is wielding a +0 club.
Found 9 gold pieces.
A goblin is nearby!
A goblin is nearby!
A goblin comes into view.
It is wielding a +0 club. 5 goblins, a hobgoblin and Robin come into view.
The goblin shouts! x2; You hear a shout! x2
A goblin comes into view. It is wielding a +0 club.
A goblin comes into view. It is wielding a +0 dagger.
The goblin shouts! x3
Robin shouts!
The goblin shouts!
The hobgoblin shouts!
The goblin shouts!
You scratch the goblin.
The goblin is heavily wounded.
The goblin barely misses you.
You closely miss the goblin.
The goblin is heavily wounded.
The goblin hits you but does no damage. Robin throws the goblin at you!
You scratch the goblin.
You kill the goblin!
The goblin hits you with a +0 dagger. The goblin completely misses you.
Robin roars a battlecry!
The goblins go into a battle-frenzy!
You scratch the goblin.
The goblin is moderately wounded.
The goblin barely misses you. The goblin closely misses you.
The goblin barely misses you. Robin throws the goblin at you!
You barely miss the goblin.
The goblin is moderately wounded.
The goblin hits you but does no damage. The goblin hits you with a +0 club.
The goblin hits you with a +0 dagger.
You die...

### ..# ### #.#
... #.# ####.###.
#.###gggg.g..
#.##ggg.g....
#.##g@# #<##..#
#.##.$#
.##.###.##..##.##
#.................
.##.##..##..####..
#..##..# #..>..$#
#..###..


You could see Robin, a hobgoblin (strong) and 8 goblins.

Vanquished Creatures
  2 dart slugs
  4 endoplasms
  3 giant cockroaches
  6 goblins
  5 hobgoblins
  2 jackals (D:1)
  3 quokkas
  3 ball pythons
  4 bats
  2 frilled lizards (D:1)
  3 kobolds
  7 rats
44 creatures vanquished.

Notes
Turn   | Place    | Note
-------+----------+-------------------------------------------
     0 | D:1      | Delamore the Felid Venom Mage began the quest for the Orb.
     0 | D:1      | Reached XP level 1. HP: 7/7 MP: 4/4
    31 | D:1      | Reached skill level 3 in Stealth
   545 | D:1      | Reached XP level 2. HP: 5/11 MP: 4/6
  2000 | D:1      | Reached skill level 4 in Stealth
  2153 | D:2      | Reached XP level 3. HP: 2/14 MP: 7/7
  2644 | D:2      | Found a stormy altar of Qazlal.
  3634 | D:3      | Noticed Robin
  3639 | D:3      | Slain by a goblin

Illustrated notes

Levels and vault maps discovered:
D:1:      dpeg_arrival_ratfight, layout_basic
D:2:      layout_basic, serial_glass, glass_columns_c, glass_columns_b,
          due_unseen_surprise, basic_altar, grunt_decor_mini_mirrors,
          chequers_serial_rivers_small_3, chequers_serial_rivers_marsh,
          grunt_decor_resistance
D:3:      layout_loops_ring, nicolae_dithmenos_through_a_glass_darkly,
          uniq_crazy_yiuf_cottage, uniq_robin, uniq_ijyb

Skill      XL: |  1  2 |
---------------+-------+-----
Stealth        | 3 4 |  4.5
Dodging        | 3 |  3.4
Poison Magic   | 3 |  3.1
Spellcasting   | |  2.0
Transmutations | |  1.1

Action                   || total
-------------------------++-------
Melee: Unarmed           ||   128
       Bite              ||    12
 Cast: Sting             ||    13
  Use: Scroll            ||     3
 Stab: Sleeping          ||    10
       Distracted        ||     1
Armor: Skin              ||     8
Dodge: Dodged            ||    83
